 Dungeon Crawl Stone Soup version 0.29.1-12-g30fa7ad0bf (webtiles) character file.

Game seed: 11046231470412807437

4137 hawla the Thaumaturge (level 10, 0/74 HPs)
             Began as a Meteoran Fire Elementalist on Jan 5, 2023.
             Was an Initiate of Vehumet.
             Slain by an orc warrior
             ... wielding a +0 halberd
              (8 damage)
             ... on level 9 of the Dungeon.
             The game lasted 00:19:50 (3349 turns).

hawla the Thaumaturge (Meteoran Fire Elementalist)  Turns: 3349, Time: 00:19:52

Health: 0/74       AC:  8    Str:  9    XL:     10   Next: 81%
Magic:  5/25       EV: 14    Int: 22    God:    Vehumet [......]
Gold:   245        SH:  0    Dex: 15    Spells: 19/30 levels left

rFire   . . .      SeeInvis .   r - staff of earth
rCold   . . .      Faith    .   (no shield)
rNeg    . . .      Spirit   .   s - +0 steam dragon scales
rPois   +          Reflect  .   j - +0 helmet
rElec   .          Harm     .   y - +0 cloak
rCorr   .          Rampage  .   i - +0 pair of gloves
Will    +....                   (no boots)
Stlth   +.........              (no amulet)
HPRegen 0.22/turn               e - ring of flight
MPRegen 0.19/turn               k - ring of poison resistance

@: flying, glowing
A: sense surroundings 2, otherworldly, glowing, explore regen, hooves 1, sturdy
frame 1
a: Renounce Religion


You were on level 9 of the Dungeon.
You worshipped Vehumet.
Vehumet was noncommittal.
You visited 2 branches of the dungeon, and saw 9 of its levels.
You also visited: Ossuary.

You collected 245 gold pieces.

Inventory:

Hand Weapons
 n - a +0 quarterstaff
Armour
 i - a +0 pair of gloves (worn)
 j - a +0 helmet (worn)
 p - a +1 pair of boots
 s - +0 steam dragon scales (worn)
 y - a +0 cloak (worn)
Magical Staves
 d - a staff of poison
 r - a staff of earth (weapon)
Jewellery
 e - a ring of flight (left hand)
 k - a ring of poison resistance (right hand)
Wands
 q - a wand of flame (21)
 x - a wand of charming (24)
Scrolls
 c - a scroll of poison {unknown}
 f - 3 scrolls of teleportation
 l - a scroll of amnesia
 o - 6 scrolls of silence
Potions
 b - a potion of magic
 g - 2 potions of haste
 h - 2 potions of heal wounds {unknown}
 m - 2 potions of ambrosia {unknown}
 t - a potion of lignification {unknown}
 w - 3 potions of curing {unknown}


   Skills:
 + Level 2.7 Fighting
 + Level 2.7 Staves
 + Level 5.1 Dodging
 - Level 1.4 Stealth
 + Level 10.7 Spellcasting
 + Level 6.5 Conjurations
 + Level 10.5 Fire Magic
 + Level 2.0 Earth Magic
 + Level 2.0 Poison Magic
 + Level 2.0 Evocations


You had 19 spell levels left.
You knew the following spells:

 Your Spells              Type           Power      Damage    Failure   Level
a - Foxfire               Conj/Fire      100%       2x1d9     1%          1
b - Scorch                Fire           100%       2d10      1%          2
c - Flame Wave            Conj/Fire      49%        2d12      1%          4
d - Stone Arrow           Conj/Erth      90%        3d12      3%          3
e - Apportation           Tloc           22%        N/A       5%          1

Your spell library contained the following spells:

 Spells                   Type           Power      Damage    Failure   Level
 Conjure Flame            Conj/Fire      49%        6-21      1%          3
 Inner Flame              Hex/Fire       34%        N/A       1%          3
 Sandblast                Erth           60%        2d14      2%          1
 Necrotise                Necr           44%        1d6       5%          1
 Summon Small Mammal      Summ           44%        N/A       5%          1
 Passwall                 Tmut/Erth      20%        N/A       5%          2


Dungeon Overview and Level Annotations

Branches:
Dungeon (7/15) Zot: 2470   Temple (1/1) D:6 Zot: 61 Ossuary (visited)

Altars:
Ashenzari
Cheibriados
Dithmenos
Elyvilon
Fedhas
Gozag
Hepliaklqana
Makhleb
Nemelex Xobeh
Qazlal
Ru
Sif Muna
Trog
Vehumet
Xom
Zin


Innate Abilities, Weirdness & Mutations

You passively map the area around you.
You are easily found by Zot.
You glow in the dark.
You regain HP and MP as you explore.
You have large cloven feet.
Your movements are slightly less encumbered by armour. (ER -2)


Message History

You feel drained.
Your life force feels restored.
A wave of flame ripples out!
The flame wave engulfs the centaur warrior!
You kill the centaur warrior!
Vehumet accepts your kill.
The flame wave engulfs the wight!
You destroy the wight!
Vehumet accepts your kill.
The flame wave engulfs the orc warrior but does no damage.
The orc warrior is severely wounded.
You finish channelling waves of flame.
The orc warrior hits you from afar with a +0 halberd!
Your Dodging skill increases to level 5!
Unknown command.
Casting: Flame Wave (dangerous; 1% risk of failure)
Confirm with . or Enter, or press ? or * to list all spells.
Casting: Flame Wave (dangerous; 1% risk of failure)
Press: ? - help, Dir - look around, f - activate
Okay, then.
A water moccasin comes into view.
The orc warrior hits you with a +0 halberd!
* * * LOW HITPOINT WARNING * * *
There is an open door, spattered with blood here.
Items here: ) ? [ ††.
Casting: Flame Wave (dangerous; 1% risk of failure)
Confirm with . or Enter, or press ? or * to list all spells.
Casting: Flame Wave (dangerous; 1% risk of failure)
Press: ? - help, Dir - look around, f - activate A wave of flame ripples out!
The flame wave engulfs the orc warrior but does no damage.
The orc warrior is severely wounded.
The flame wave engulfs the orc warrior.
The orc warrior is heavily wounded. (Press . to intensify the flame waves.)
An orc wizard comes into view. It is wielding a +0 dagger.
The orc warrior hits you with a +0 halberd!
* * * LOW HITPOINT WARNING * * *
The orc warrior hits you with a +0 halberd!
You die...

,,,+........'.....#,
, ######...###...# *
* , #...########...#
, , ,,
#..............# *,
,,#..............# ,
, ,, ,
#..............#, *
, ,
.+....).........# ,
** , ,,
o..o.)o.........#, ,
####..#@######### ,
, * #.#oo.<......,
,, , ,
,#.#.#......... , *,
#. #......... ,,, ,
, #) #..(...... #?*
#......S.. , , ,, *
* . , #......... *
,, , * ..###....., *
,* * ,, , , , *


You could see 2 orc warriors, a water moccasin, 2 orc wizards and an orc.

Vanquished Creatures
  A centaur warrior (D:9)
  7 yaks (D:9)
  A steam dragon (D:9)
  Menkaure (Ossuary)
  An acid dragon (D:9)
  A water moccasin (D:5)
  An orc warrior (D:9)
  A black bear (D:4)
  2 ogres (D:5)
  A centaur (D:5)
  An elf zombie (Ossuary)
  A kobold brigand (D:6)
  2 necrophages
  3 scorpions (D:5)
  2 wights (D:9)
  6 killer bees (D:9)
  A troll zombie (Ossuary)
  2 howler monkeys (D:6)
  2 centaur zombies (Ossuary)
  A jelly (D:6)
  3 orc priests
  3 hounds (D:6)
  2 orc wizards
  3 iguanas
  An ogre zombie (Ossuary)
  6 mummies (Ossuary)
  4 adders
  8 gnolls
  5 white imps
  An ufetubus (D:5)
  4 adder zombies (Ossuary)
  2 dart slugs
  9 orcs
  4 endoplasms
  A giant cockroach (D:4)
  3 goblins
  5 hobgoblins
  5 jackals
  8 kobolds
  A quokka (D:1)
  3 ball pythons (D:1)
  4 bats
  2 frilled lizards (D:1)
  3 gnoll zombies (Ossuary)
  5 goblin zombies (Ossuary)
  4 kobold zombies (Ossuary)
  3 quokka zombies
  2 rats (D:1)
  3 rat zombies
145 creatures vanquished.

Vanquished Creatures (others)
  238 foxfires
238 creatures vanquished.

Grand Total: 383 creatures vanquished

Notes
Turn   | Place    | Note
-------+----------+-------------------------------------------
     0 | D:1      | hawla the Meteoran Fire Elementalist began the quest for
                  | the Orb.
     0 | D:1      | Reached XP level 1. HP: 14/14 MP: 5/5
    40 | D:1      | Reached XP level 2. HP: 20/20 MP: 0/7
   217 | D:1      | Reached XP level 3. HP: 21/26 MP: 1/8
   220 | D:1      | Learned a level 2 spell: Scorch
   291 | D:2      | Reached skill level 1 in Fighting
   317 | D:3      | Reached XP level 4. HP: 35/35 MP: 3/10
   400 | D:4      | Reached skill level 1 in Poison Magic
   400 | D:4      | Reached skill level 1 in Evocations
   400 | D:4      | Reached XP level 5. HP: 32/40 MP: 1/11
   411 | D:4      | Found a blossoming altar of Fedhas.
   545 | D:4      | Learned a level 4 spell: Flame Wave
   577 | D:4      | Reached XP level 6. HP: 47/47 MP: 3/12
   644 | D:4      | Found a shadowy altar of Dithmenos.
   958 | D:5      | Entered Level 5 of the Dungeon
   958 | D:5      | Noticed a centaur
   958 | D:5      | Noticed a black bear
  1003 | D:4      | Killed a black bear
  1094 | D:5      | Reached XP level 7. HP: 37/52 MP: 2/14
  1107 | D:5      | Noticed a water moccasin
  1124 | D:5      | Killed a water moccasin
  1125 | D:5      | Reached skill level 5 in Conjurations
  1125 | D:5      | Reached skill level 5 in Fire Magic
  1132 | D:6      | Found a broken altar of Ashenzari.
  1158 | D:6      | Reached skill level 1 in Earth Magic
  1177 | D:6      | Learned a level 3 spell: Stone Arrow
  1333 | D:6      | Reached skill level 5 in Spellcasting
  1333 | D:6      | Reached XP level 8. HP: 56/59 MP: 3/16
  1342 | D:6      | Found a sand-covered staircase.
  1352 | Ossuary  | Entered an ossuary
  1423 | Ossuary  | Reached skill level 1 in Staves
  1741 | Ossuary  | Noticed Menkaure
  1750 | Ossuary  | Killed Menkaure
  1908 | D:5      | Gained mutation: You passively map the area around you.
                  | [Meteoran growth]
  1908 | D:5      | Reached XP level 9. HP: 67/67 MP: 12/19
  1917 | D:5      | Gained mutation: Your magical capacity is low. (-10% MP)
                  | [potion of mutation]
  1917 | D:5      | Gained mutation: Your muscles are strong. (Str +4, Int/Dex
                  | -1) [potion of mutation]
  1917 | D:5      | Lost mutation: Your magical capacity is low. (-10% MP)
                  | [potion of mutation]
  1937 | D:6      | Found a hazy altar of Hepliaklqana.
  2090 | D:5      | Identified the +7 spear "Useajur" {vorpal, rC- Dex+2
                  | Stlth+}
  2267 | D:5      | Found a stormy altar of Qazlal.
  2607 | D:6      | Found a staircase to the Ecumenical Temple.
  2615 | Temple   | Entered the Ecumenical Temple
  3115 | Temple   | Glimpsed the power of Zot.
  3131 | Temple   | Became a worshipper of Vehumet
  3194 | D:7      | Lost mutation: Your muscles are strong. (Str +4, Int/Dex
                  | -1) [potion of mutation]
  3194 | D:7      | Gained mutation: You are somewhat resistant to further
                  | mutation. [potion of mutation]
  3195 | D:7      | Lost mutation: You are somewhat resistant to further
                  | mutation. [potion of mutation]
  3195 | D:7      | Gained mutation: Your movements are slightly less
                  | encumbered by armour. (ER -2) [potion of mutation]
  3195 | D:7      | Gained mutation: You have large cloven feet. [potion of
                  | mutation]
  3225 | D:7      | You are sucked into a shaft and drop 2 floors!
  3241 | D:9      | Learned a level 1 spell: Apportation
  3265 | D:9      | Reached XP level 10. HP: 69/73 MP: 12/23
  3339 | D:9      | Noticed a centaur warrior
  3340 | D:9      | Reached skill level 10 in Spellcasting
  3346 | D:9      | Reached skill level 10 in Fire Magic
  3347 | D:9      | Killed a centaur warrior
  3348 | D:9      | Reached skill level 5 in Dodging
  3349 | D:9      | Slain by an orc warrior

Illustrated notes

Levels and vault maps discovered:
D:1:      lemuel_arrival_tunnels, layout_loops_cross, minmay_bisected
D:2:      layout_basic, uniq_sigmund
D:3:      layout_basic, shapermc_ecumenical_altar_mp_urbaneastern,
          small_statue_intersection, uniq_terence
D:4:      layout_basic, mainiacjoe_overflow_concentric_impassable,
          mainiacjoe_overflow_tiny_flanked, nicolae_elevator_lobby_asterisk
D:5:      layout_rooms, nicolae_qazlal_style_of_elements
D:6:      layout_basic, lemuel_tele_altar, nicolae_hepliaklqana_hazy_memory,
          minmay_temple_entry_fiery, enter_ossuary_4
D:7:      gammafunk_beogh_shrine, layout_layer_cave,
          mainiacjoe_overflow_brackets, mainiacjoe_overflow_large_starburst,
          uniq_joseph, uniq_menkaure
D:9:      layout_gridville, minmay_circle_x
Temple:   chequers_temple_sunken

Skill      XL: |  1  2  3  4  5  6  7  8  9 10 |
---------------+-------------------------------+-----
Spellcasting   | 3 4 5 6 8 10 | 10.7
Fire Magic     | 4 5 6 8 10 | 10.5
Fighting       | 1 2 |  2.7
Poison Magic   | 1 2 |  2.0
Evocations     | 1 2 |  2.0
Conjurations   | 2 4 5 6 |  6.5
Dodging        | 3 4 5 |  5.1
Earth Magic    | 2 |  2.0
Staves         | 2 |  2.7
Stealth        | |  1.4

Action                   |  1- 3 |  4- 6 |  7- 9 | 10-12 || total
-------------------------+-------+-------+-------+-------++-------
Melee: Unarmed           |     8 |       |       |       ||     8
       Staff             |       |    36 |    86 |     3 ||   125
       Punch             |       |     1 |     1 |       ||     2
       Kick              |       |       |       |     2 ||     2
 Cast: Foxfire           |    33 |    44 |    63 |     3 ||   143
       Scorch            |     4 |    12 |    47 |     7 ||    70
       Flame Wave        |       |       |    16 |     5 ||    21
  Use: Potion            |       |     1 |     5 |       ||     6
       Scroll            |       |       |    12 |       ||    12
Armor: Robe              |     8 |    14 |    54 |     2 ||    78
       Steam dragon scal |       |       |       |     2 ||     2
Dodge: Dodged            |    14 |    25 |    77 |    11 ||   127
